 Dungeon Crawl Stone Soup version 0.21-a0-536-gdbbf329 (webtiles) character file.

143 KristoblXynda the Conjurer (level 5, -10/38 HPs)
             Began as a Draconian Conjurer on Dec 14, 2017.
             Mangled by a gnoll
             ... wielding a +0 halberd
              (15 damage)
             ... on level 3 of the Dungeon.
             The game lasted 00:04:04 (1983 turns).

KristoblXynda the Conjurer (Draconian Conjurer)     Turns: 1983, Time: 00:04:04

Health: -10/38     AC:  6    Str:  9 (11) XL:     5   Next: 4%
Magic:  1/10       EV: 12    Int: 15 (16) God:
Gold:   84         SH:  0    Dex:  8 (11) Spells: 10/11 levels left

rFire    . . .     SeeInvis .   f - +0 hand axe (flame)
rCold    . . .     Gourm    .   (no shield)
rNeg     . . .     Faith    .   (armour unavailable)
rPois    .         Spirit   .   (helmet restricted)
rElec    .         Reflect  .   (no cloak)
rCorr    .         Harm     .   n - +0 pair of gloves
MR       .....                  (no boots)
Stlth    ++........             (no amulet)
HPRegen  0.12/turn              (no ring)
MPRegen  0.12/turn              (no ring)

@: no status effects
A: unfitting armour, cold-blooded, AC +5
a: no special abilities


You were on level 3 of the Dungeon.
You were hungry.

You visited 1 branch of the dungeon, and saw 3 of its levels.

You collected 84 gold pieces.

Inventory:

Hand Weapons
 f - a +0 hand axe of flaming (weapon)
Armour
 n - a +0 pair of gloves (worn)
Jewellery
 h - an uncursed ring of magical power {unknown}
Scrolls
 c - 5 scrolls of identify {unknown}
 d - a scroll of remove curse {unknown}
 e - 2 scrolls of blinking {unknown}
 g - 3 scrolls of fog {unknown}
 k - a scroll of amnesia {unknown}
 m - a scroll of teleportation {unknown}
Books
 a - a book of Conjurations

   Spells                             Type                      Level
   a - Magic Dart                     Conjuration                  1
   b - Searing Ray                    Conjuration                  2
   c - Dazzling Spray                 Conjuration/Hexes            3
   d - Fulminant Prism                Conjuration/Hexes            4
   e - Force Lance                    Conjuration/Translocation    4
   f - Iskenderun's Mystic Blast      Conjuration                  4
Comestibles
 b - 2 bread rations
 l - 2 royal jellies
 o - a meat ration


   Skills:
 - Level 1.7 Dodging
 - Level 1.7 Stealth
 + Level 3.7 Spellcasting
 + Level 5.3 Conjurations


You had 10 spell levels left.
You knew the following spells:

 Your Spells              Type           Power        Failure   Level  Hunger
a - Magic Dart            Conj           ###.         1%          1    None


Dungeon Overview and Level Annotations

Branches:
Dungeon (3/15)

Altars:
Elyvilon
Makhleb
Yredelemnul


Innate Abilities, Weirdness & Mutations

Your plain brown scales are hard. (AC +5)
You cannot fit into any form of body armour.
You are cold-blooded and may be slowed by cold attacks.


Message History

Casting: Magic Dart
Confirm with . or Enter, or press ? or * to list all spells.
Aiming: Magic Dart
Press: ? - help, Shift-Dir - straight line, f - gnoll
Aim: a gnoll, wielding a halberd (moderately wounded)
The magic dart hits the gnoll.
The gnoll is moderately wounded.
The gnoll barely misses you.
You closely miss the gnoll.
The gnoll is moderately wounded.
The gnoll barely misses you.
You hit the gnoll but do no damage.
The gnoll is moderately wounded.
The gnoll closely misses you.
You hit the gnoll. You burn the gnoll.
The gnoll is severely wounded.
The gnoll hits you with a halberd!
* * * LOW HITPOINT WARNING * * *
The gnoll hits you with a halberd!
You die...

.#.#.#.#####
#.#####.####
............#
#.......#
..###.##..#.#
#########
#.......#.#
.......(..#
#.###.....#.#
# #......†.g#
#..#....####
.#..#.#.@.).#
.......g###.#
.##.##...##g#
#.#!##.#
#.##.#†##.#
....≈.....g#
≈.≈..≈..####
≈≈≈≈≈≈..#
≈≈≈≈≈≈..#


You could see a gnoll.

Vanquished Creatures
  A crimson imp (D:2)
  3 gnolls (D:3)
  2 adders (D:2)
  2 oozes
  3 dart slugs
  2 leopard geckos (D:1)
  6 bats
  2 giant cockroaches
  2 goblins (D:1)
  3 hobgoblins
  7 jackals (D:2)
  7 kobolds
  2 quokkas (D:2)
  2 frilled lizards
  4 rats
48 creatures vanquished.

Notes
Turn   | Place    | Note
-------+----------+-------------------------------------------
     0 | D:1      | KristoblXynda the Draconian Conjurer began the quest for the Orb.
     0 | D:1      | Reached XP level 1. HP: 14/14 MP: 3/3
   219 | D:1      | Reached XP level 2. HP: 20/20 MP: 0/5
   647 | D:1      | Reached XP level 3. HP: 20/26 MP: 7/7
  1039 | D:2      | Found a burning altar of Makhleb.
  1113 | D:2      | Reached skill level 5 in Conjurations
  1113 | D:2      | Reached XP level 4. HP: 30/33 MP: 1/8
  1496 | D:2      | Found a basalt altar of Yredelemnul.
  1769 | D:2      | Found a white marble altar of Elyvilon.
  1965 | D:3      | Found a faded altar of an unknown god.
  1970 | D:3      | Reached XP level 5. HP: 17/38 MP: 0/10
  1983 | D:3      | Mangled by a gnoll

Vault maps used:
D:1:      dpeg_arrival_simpleton_b
D:2:      lemuel_round_altar, lemuel_coloured_pillars_altar,
          makhleb_grotto_becter
D:3:      chequers_ecumenical_altar_island, first_bread,
          kennysheep_generic_room_9

Skill      XL: |  1  2  3 |
---------------+----------+-----
Spellcasting   | 3 |  3.7
Conjurations   | 5 |  5.3
Dodging        | |  1.7
Stealth        | |  1.7

Action                   |  1- 3 |  4- 6 || total
-------------------------+-------+-------++-------
Melee: Unarmed           |     3 |       ||     3
       Hand axe          |    41 |    23 ||    64
       Tailslap          |     7 |     3 ||    10
 Cast: Magic Dart        |    52 |    37 ||    89
  Use: Potion            |       |     2 ||     2
 Stab: Sleeping          |     2 |       ||     2
  Eat: Chunk             |     1 |     1 ||     2
       Fruit             |       |     1 ||     1
Armor: Skin              |    16 |    14 ||    30
Dodge: Dodged            |    36 |    38 ||    74

Table legend:
 A = Spawn XP
 B = Non-spawn XP
 C = Spawn XP percentage of total XP
 D = Spawn monster count
 E = Non-spawn monster count
 F = Spawn count percentage of total count
 G = Total turns spent on level
                    A         B        C        D         E        F      G
               +---------+---------+-------+---------+---------+-------+---------
         Total |       0 |     205 |   0.0 |       0 |      48 |   0.0 |  1983
               +---------+---------+-------+---------+---------+-------+---------
           D:1 |       0 |      43 |   0.0 |       0 |      20 |   0.0 |   840
           D:2 |       0 |     120 |   0.0 |       0 |      24 |   0.0 |   991
           D:3 |       0 |      42 |   0.0 |       0 |       4 |   0.0 |   152
               +---------+---------+-------+---------+---------+-------+---------
